 Dungeon Crawl Stone Soup version 0.31-a0-188-g5e087ee2ca (webtiles) character file.

Game seed: 13415399931366680808

146 qw the Skirmisher (level 5, -1/29 HPs)
             Began as a Deep Elf Hunter on June 23, 2023.
             Slain by a steam dragon (8 damage)
             ... on level 4 of the Dungeon.
             The game lasted 00:00:43 (1970 turns).

qw the Skirmisher (Deep Elf Hunter)                 Turns: 1970, Time: 00:00:44

Health: -1/29      AC:  6    Str: 10    XL:     5   Next: 7%
Magic:  7/7        EV: 11    Int: 14    God:
Gold:   206        SH:  0    Dex: 18    Spells: 4/4 levels left

rFire   + . .        Y - +0 shortbow
rCold   . . .        (shield currently unavailable)
rNeg    . . .        g - +0 ring mail
rPois   .            (no helmet)
rElec   .            (no cloak)
rCorr   .            (no gloves)
SInv    .            m - +0 pair of boots
Will    .....        (no amulet)
Stlth   +            a - ring of protection from fire
HPRegen 0.24/turn    (no ring)
MPRegen 0.10/turn

%: no passive effects
@: about to teleport
A: no striking features
a: no special abilities


You were on level 4 of the Dungeon.
You visited 1 branch of the dungeon, and saw 4 of its levels.

You collected 206 gold pieces.


   Skills:
 - Level 1.5 Fighting
 + Level 8.5 Ranged Weapons
 - Level 2.4 Dodging
 - Level 1.2 Stealth


You had 4 spell levels left.
You didn't know any spells.
Your spell library was empty.

Inventory:

Hand Weapons
 Y - a +0 shortbow (weapon)
Armour
 g - a +0 ring mail (worn)
 m - a +0 pair of boots (worn)
Jewellery
 a - a ring of protection from fire (left hand)
Potions
 b - a potion of might {unknown}
 c - a potion of heal wounds {unknown}
 f - a potion of attraction {unknown}
 h - a potion of curing
 k - a potion of resistance {unknown}
 l - a potion of cancellation {unknown}

Dungeon Overview and Level Annotations

Branches:
Dungeon (4/15)
 Temple: D:4-7

Altars:
Ashenzari
Vehumet
Zin

Shops:
D:1 :


Message History

There is a stone staircase leading down here.
You climb downwards.
Found 17 gold pieces.
Found a stone staircase leading up.
There is a stone staircase leading up here.
Waypoint 3 assigned to D:4.
You now have 206 gold pieces (gained 17).
You see here 3 poisoned darts.
A steam dragon comes into view.
Found a dagger.
The steam dragon hisses angrily.
You hear an angry hiss.
An adder comes into view.
The steam dragon breathes steam at you. The ball of steam hits you. You resist.
The steam dragon moves out of view.
The adder moves out of view.
You hear a shout!
You hear an angry hiss.
You shoot an arrow.
The arrow barely misses the steam dragon.
A ball python comes into view.
You shoot an arrow.
The arrow barely misses the steam dragon.
The ball python hisses angrily.
The steam dragon breathes steam at you. The ball of steam hits you! You resist.
You hear a shout! x2
1966 ||| Stepping ~*~*~tactically~*~*~ (outnumbered).
You start resting.
A steam dragon is nearby!
You shoot an arrow.
The arrow barely misses the steam dragon.
The steam dragon bites you but does no damage.
The steam dragon claws you but does no damage.
A ball python comes into view.
You shoot an arrow. The arrow hits the steam dragon!
The steam dragon is moderately wounded.
The steam dragon bites you! The steam dragon claws you.
1970 ||| READING scroll of teleportation.
As you read the scroll of teleportation, it crumbles to dust.
You feel strangely unstable. The steam dragon bites you!
You die...

########
##....(.##
##........##
#.......<..#
#...¤..<...#
#...¤......#
#.....¤....#
#@S........#
##D.......##
..)..D¤S........#
....#S..........#
.. ##...........
....S......
...........
...........
............


You could see a steam dragon, an adder and 2 ball pythons.

Vanquished Creatures
  A gnoll bouda (D:2)
  3 gnolls (D:2)
  2 adders
  3 worms
  A dart slug (D:2)
  2 ball pythons
  2 bats
  7 endoplasms
  2 giant cockroaches
  5 goblins
  5 hobgoblins
  7 jackals
  2 quokkas
  5 frilled lizards
  5 kobolds
  6 rats
58 creatures vanquished.

Notes
Turn   | Place    | Note
-------+----------+-------------------------------------------
     0 | D:1      | qw the Deep Elf Hunter began the quest for the Orb.
     0 | D:1      | Reached XP level 1. HP: 12/12 MP: 3/3
     0 | D:1      | 0 ||| qw: Version: 0.3-a-9-g12657ce
     0 | D:1      | 0 ||| qw: Game counter: 3369
     0 | D:1      | 0 ||| qw: Always use a shield: true
     0 | D:1      | 0 ||| qw: God list: Okawaru
     0 | D:1      | 0 ||| qw: Allow faded altars: false
     0 | D:1      | 0 ||| qw: Do Orc after D:15 true
     0 | D:1      | 0 ||| qw: Do second Lair branch before Depths: true
     0 | D:1      | 0 ||| qw: Lair rune preference: random
     0 | D:1      | 0 ||| qw: Plans: Normal
     0 | D:1      | 0 ||| PLANNING D:1-11
    47 | D:1      | Reached XP level 2. HP: 13/16 MP: 4/4
    47 | D:1      | 47 ||| FLEEEEING.
    48 | D:1      | 48 ||| FLEEEEING.
    49 | D:1      | 49 ||| FLEEEEING.
    50 | D:1      | 50 ||| FLEEEEING.
    51 | D:1      | 51 ||| FLEEEEING.
    52 | D:1      | 52 ||| FLEEEEING.
    54 | D:1      | 54 ||| FLEEEEING.
    55 | D:1      | 55 ||| FLEEEEING.
    56 | D:1      | 56 ||| FLEEEEING.
    60 | D:1      | Reached skill level 6 in Ranged Weapons
   639 | D:1      | Found Gozos's Book Emporium.
   770 | D:1      | Reached XP level 3. HP: 20/20 MP: 5/5
   822 | D:1      | 822 ||| UPGRADING to +0 ring mail.
   832 | D:1      | 832 ||| DROPPING +0 leather armour.
   833 | D:1      | 833 ||| UPGRADING to +0 pair of boots.
   838 | D:1      | 838 ||| READING scroll labelled QICATE LAD HAN.
   839 | D:1      | 839 ||| READING scroll labelled TUOQENTUNE.
   840 | D:1      | 840 ||| READING scroll labelled OSE OGAIG HYBO.
   841 | D:1      | 841 ||| READING scroll labelled NIRUNI ETWIDI.
   846 | D:1      | 846 ||| READING scroll labelled MAAPNE PUONWEPS.
   847 | D:1      | 847 ||| DRINKING 2 fizzy purple potions.
   848 | D:1      | 848 ||| DROPPING scroll of butterflies.
   942 | D:2      | Reached skill level 7 in Ranged Weapons
  1035 | D:2      | Reached XP level 4. HP: 25/25 MP: 6/6
  1041 | D:2      | Reached skill level 8 in Ranged Weapons
  1218 | D:2      | Found a radiant altar of Vehumet.
  1310 | D:2      | 1310 ||| DROPPING scarf of harm.
  1311 | D:2      | 1311 ||| UPGRADING to ring of protection from fire.
  1364 | D:3      | Found a radiant altar of Vehumet.
  1531 | D:3      | Reached XP level 5. HP: 29/29 MP: 7/7
  1703 | D:3      | Found a broken altar of Ashenzari.
  1703 | D:3      | Found a glowing silver altar of Zin.
  1945 | D:3      | 1945 ||| READING scroll labelled MUWERCH LUONUAN.
  1963 | D:4      | Noticed a steam dragon
  1966 | D:4      | 1966 ||| Stepping ~*~*~tactically~*~*~ (outnumbered).
  1969 | D:4      | HP: 7/29 [steam dragon (4)]
  1970 | D:4      | 1970 ||| READING scroll of teleportation.
  1970 | D:4      | Slain by a steam dragon

Levels and vault maps discovered:
D:1:      dpeg_arrival_ternary, layout_basic, serial_shops,
          nicolae_shop_back_alley_shop, minmay_statues_item
D:2:      layout_rooms, basic_altar
D:3:      layout_loops_ring, lemuel_tele_altar, gammafunk_temple_overflow_wave
D:4:      minmay_wonky_spiral, layout_rooms, hangedman_minor_gate_pass

Skill      XL: |  1  2  3  4 |
---------------+-------------+-----
Ranged Weapons | 6 7 8 |  8.5
Fighting       | |  1.5
Dodging        | |  2.4
Stealth        | |  1.2

Action                     |  1- 3 |  4- 6 || total
---------------------------+-------+-------++-------
   Fire: Shortbow          |    89 |    52 ||   141
    Use: Scroll            |     5 |     2 ||     7
         Potion            |     1 |       ||     1
 Armour: Leather armour    |     2 |       ||     2
         Ring mail         |     7 |     3 ||    10
  Dodge: Dodged            |    20 |     2 ||    22

Table legend:
 A = Non-vault XP
 B = Vault XP
 C = Vault XP percentage of total XP
 D = Non-vault monster count
 E = Vault monster count
 F = Vault count percentage of total count
                 A         B        C        D         E       F
            +---------+---------+-------+---------+---------+-------
      Total |     209 |       0 |   0.0 |      58 |       0 |   0.0
            +---------+---------+-------+---------+---------+-------
        D:1 |      44 |       0 |   0.0 |      25 |       0 |   0.0
        D:2 |     134 |       0 |   0.0 |      24 |       0 |   0.0
        D:3 |      31 |       0 |   0.0 |       9 |       0 |   0.0
            +---------+---------+-------+---------+---------+-------
